 Dungeon Crawl Stone Soup version 0.17-a0-963-gaa5423c (webtiles) character file.

37 oplop the Firebug (level 3, 0/20 HPs)
             Began as a Tengu Fire Elementalist on May 8, 2015.
             Succumbed to an adder's poison
             ... on level 2 of the Dungeon.
             The game lasted 00:01:39 (898 turns).

oplop the Firebug (Tengu Fire Elementalist)          Turns: 898, Time: 00:01:40

Health: 0/20       AC:  4    Str: 11    XL:     3   Next: 39%
Magic:  7/7        EV: 12    Int: 16    God:
Gold:   100        SH:  0    Dex: 14    Spells: 1 memorised, 5 levels left

rFire  + . .     SeeInvis .     q - +2 dagger (holy)
rCold  + + .     Clarity  .     a - +0 robe
rNeg   . . .     SustAb   .     (no shield)
rPois  +         Gourm    .     (helmet restricted)
rElec  +         Spirit   .     (no cloak)
rCorr  +         Warding  .     (no gloves)
rMut   .         Stasis   .     (boots unavailable)
MR     .....                    (no amulet)
Stlth  ++........               l - +1 ring of protection
                                g - ring of protection from cold

@: mighty, lethally poisoned (0 -> -3), resistant, not resistant to hostile
enchantments, unstealthy
A: beak, talons 3, rugged brown scales 1, weak 1
a: no special abilities


You were on level 2 of the Dungeon.
You were hungry.

You visited 1 branch of the dungeon, and saw 2 of its levels.

You collected 100 gold pieces.

Inventory:

Hand weapons
 q - a +2 dagger of holy wrath (weapon)
Armour
 a - a +0 robe (worn)
Jewellery
 g - a ring of protection from cold (left hand)
 l - a +1 ring of protection (right hand)
Scrolls
 d - 2 scrolls of remove curse {unknown}
 e - 2 scrolls of random uselessness {unknown}
 h - a scroll of enchant armour {unknown}
 n - a scroll of noise {unknown}
 s - a scroll of amnesia {unknown}
 t - a scroll of recharging {unknown}
Potions
 p - a potion of might
Books
 b - a book of Flames

   Spells                             Type                      Level
   a - Flame Tongue                   Conjuration/Fire             1
   b - Throw Flame                    Conjuration/Fire             2
   c - Conjure Flame                  Conjuration/Fire             3
   d - Inner Flame                    Hexes/Fire                   3
   e - Sticky Flame                   Conjuration/Fire             4
   f - Fireball                       Conjuration/Fire             5
Comestibles
 c - a bread ration
 f - 2 beef jerkies
 i - a meat ration
 o - 5 fruits
 r - a slice of pizza


   Skills:
 + Level 1.2 Fighting
 - Level 2.1 Dodging
 - Level 2.0 Stealth
 + Level 2.0 Spellcasting
 * Level 2.6 Conjurations
 * Level 3.9 Fire Magic


You had 5 spell levels left.
You knew the following spells:

 Your Spells              Type           Power        Failure   Level  Hunger
a - Flame Tongue          Conj/Fire      ##...        8%          1    #......


Dungeon Overview and Level Annotations

Branches:
Dungeon (2/15)

Altars:


Innate Abilities, Weirdness & Mutations

You have a beak for a mouth.
You have claws for feet.
You are partially covered in rugged brown scales (AC +1, +3% HP).
You are weak. (Str -2)


Message History

Your magical contamination has completely faded away.
Drink which item? (? for menu, Esc to quit)
It was a potion of resistance.
You feel protected.
Drink which item? (? for menu, Esc to quit)
It was a potion of mutation.
You feel extremely strange.
You feel weaker.
Rugged brown scales grow over part of your body.
* * * LOW HITPOINT WARNING * * *
You feel sick.
Drink which item? (? for menu, Esc to quit)
It was a potion of magic.
Magic courses through your body.
Drink which item? (? for menu, Esc to quit)
You can't drink that!
Drink which item? (? for menu, Esc to quit)
It was a potion of might.
You feel very mighty all of a sudden.
* * * LOW HITPOINT WARNING * * *
You feel sick.
You die...

#.#####.###.##.## #
#...........##.#
######.######^#
#.######.# #........#
########.# #.# #.#
#####@#######
#...........#
#......####.####
#..............#
#####.......###.##.#
#...#......####.##.#
#......#........##(#
####...###.#.########.#
#.........##.# #.#


There were no monsters in sight!

Vanquished Creatures
  An adder (D:2)
  A ball python (D:1)
  2 giant cockroaches
  2 goblins (D:1)
  4 jackals (D:2)
  A quokka (D:2)
  4 bats (D:1)
  2 giant newts (D:1)
  3 kobolds
  7 rats
27 creatures vanquished.

Notes
Turn   | Place    | Note
--------------------------------------------------------------
     0 | D:1      | oplop, the Tengu Fire Elementalist, began the quest for the Orb.
     0 | D:1      | Reached XP level 1. HP: 10/10 MP: 4/4
   228 | D:1      | Reached XP level 2. HP: 12/15 MP: 4/6
   753 | D:2      | Reached skill level 1 in Fighting
   761 | D:2      | Reached XP level 3. HP: 15/20 MP: 0/7
   890 | D:2      | Gained mutation: You are weak. (Str -2) [potion of mutation]
   890 | D:2      | Gained mutation: You are partially covered in rugged brown scales (AC +1, +3% HP). [potion of mutation]
   894 | D:2      | HP: 1/20 [poisoned by an adder]
   898 | D:2      | Succumbed to an adder's poison

Action                   || total
-------------------------++-------
Melee: Unarmed           ||    26
       Dagger            ||    18
 Cast: Flame Tongue      ||    29
  Use: Potion            ||     4
 Stab: Sleeping          ||     2
